 Dungeon Crawl Stone Soup version 0.22.0-49-gab54619 (webtiles) character file.

28 Fang the Skirmisher (level 3, -2/36 HPs)
             Began as a Gargoyle Berserker on Sept 7, 2018.
             Was a Follower of Trog.
             Slain by Jessica
             ... wielding a +0 club
              (4 damage)
             ... on level 2 of the Dungeon.
             The game lasted 00:00:59 (1247 turns).

Fang the Skirmisher (Gargoyle Berserker)            Turns: 1247, Time: 00:00:59

Health: -2/36      AC:  5    Str: 26    XL:     3   Next: 12%
Magic:  3/3        EV: 12    Int:  7    God:    Trog [*.....]
Gold:   80         SH:  0    Dex:  9    Spells: 2/2 levels left

rFire    . . .     SeeInvis .   a - +0 hand axe
rCold    . . .     Gourm    .   (no shield)
rNeg     + . .     Faith    .   b - +0 animal skin
rPois    ∞         Spirit   .   (no helmet)
rElec    +         Reflect  .   (no cloak)
rCorr    .         Harm     .   (no gloves)
MR       .....                  (no boots)
Stlth    ..........             (no amulet)
HPRegen  0.12/turn              e - ring of attention (curse)
MPRegen  0.08/turn              (no ring)

@: berserking (expiring), very quick
A: negative energy resistance 1, electricity resistance, unbreathing,
petrification resistance, rot immunity, AC +3
a: Berserk, Renounce Religion


You were on level 2 of the Dungeon.
You worshipped Trog.
Trog was aware of your devotion.
You were hungry.

You visited 1 branch of the dungeon, and saw 2 of its levels.

You collected 80 gold pieces.

Inventory:

Hand Weapons
 a - a +0 hand axe (weapon)
Armour
 b - a +0 animal skin (worn)
Jewellery
 e - a cursed ring of attention (left hand)
Scrolls
 d - 4 scrolls of identify {unknown}
 f - a scroll of fog {unknown}
 g - a scroll of enchant armour {unknown}
 h - a scroll of amnesia {unknown}
Potions
 j - a potion of curing {unknown}
Comestibles
 c - 3 rations


   Skills:
 + Level 3.6 Fighting
 + Level 3.2 Axes
 + Level 2.5 Armour
 + Level 1.8 Dodging


You had 2 spell levels left.
You didn't know any spells.
Your spell library was empty.

Dungeon Overview and Level Annotations

Branches:
Dungeon (2/15)

Altars:
Zin

Annotations:
D:2 Jessica


Innate Abilities, Weirdness & Mutations

You are resistant to torment.
Your stone body is resilient. (AC +3)
You are immune to poison.
You resist negative energy. (rN+)
You are resistant to electric shocks. (rElec)
You can survive without breathing.
You are immune to petrification.
You are immune to rotting.


Message History

The kobold hits you but does no damage.
Things that are here:
a scroll labeled KALOLO OPSAELL; 2 gold pieces; a hobgoblin corpse Unknown command.
You closely miss the kobold. You hit the hobgoblin.
You kill the hobgoblin!
Trog accepts your kill.
You hit Jessica. Jessica hits you but does no damage.
The kobold hits you but does no damage.
You slash the kobold!
You kill the kobold!
Trog accepts your kill.
You barely miss Jessica. Jessica hits you with a club.
* * * LOW HITPOINT WARNING * * *
Unknown command.
Unknown command.
You barely miss Jessica.
Jessica is severely wounded.
Jessica hits you with a club.
You die...

#### ...#### ......#
##### ...####[..##
##...##
...###.....###.....##
...##.......#.......#
...##.......#......(#
...##.......#.......#
...# #.....###..@).##
...####.)†# ##@).##
#####.##'#######'#######
###......)...[(......@
#.....................
#.#...................
##.####'#######'#######
##..# #?..# ...#
...###....)# ....#


You could see Jessica.

Vanquished Creatures
  A dart slug (D:2)
  A leopard gecko (D:1)
  2 goblins (D:2)
  4 hobgoblins (D:2)
  A quokka (D:2)
  5 bats
  2 frilled lizards (D:2)
  4 kobolds
  5 rats
25 creatures vanquished.

Notes
Turn   | Place    | Note
-------+----------+-------------------------------------------
     0 | D:1      | Fang the Gargoyle Berserker began the quest for the Orb.
     0 | D:1      | Reached XP level 1. HP: 14/14 MP: 1/1
   585 | D:1      | Reached XP level 2. HP: 19/19 MP: 2/2
   967 | D:2      | Found a glowing silver altar of Zin.
  1191 | D:2      | Reached XP level 3. HP: 6/23 MP: 3/3
  1237 | D:2      | Noticed Jessica
  1247 | D:2      | Slain by Jessica

Skill      XL: |  1  2 |
---------------+-------+-----
Axes           | 3 |  3.2
Fighting       | |  3.6
Armour         | |  2.5
Dodging        | |  1.8

Action                   || total
-------------------------++-------
Melee: Hand axe          ||    74
Invok: Berserk           ||     1
  Eat: Chunk             ||     1
Armor: Animal skin       ||    31
Dodge: Dodged            ||    50
